 Dungeon Crawl Stone Soup version 0.27.1 (webtiles) character file.

Game seed: 6777375792481054196

1357 calewdscratch the Covert (level 8, 0/44 HPs)
             Began as a Kobold Enchanter on Aug 25, 2021.
             Slain by Duvessa (4 damage)
             ... on level 5 of the Dungeon.
             The game lasted 01:56:50 (9040 turns).

calewdscratch the Covert (Kobold Enchanter)         Turns: 9040, Time: 01:56:50

Health: 0/44       AC:  3    Str:  5    XL:     8   Next: 95%
Magic:  12/15      EV: 16    Int: 17    God:
Gold:   223        SH:  0    Dex: 17    Spells: 8/17 levels left

rFire    . . .     SeeInvis .   o - +2 dagger (protect)
rCold    . . .     Faith    .   (shield restricted)
rNeg     . . .     Spirit   .   b - +0 robe
rPois    .         Reflect  .   (no helmet)
rElec    .         Harm     .   c - +0 cloak
rCorr    .         Rampage  .   (no gloves)
Will     .....                  (no boots)
Stlth    +++++.....             h - amulet of the acrobat
HPRegen  0.14/turn              (no ring)
MPRegen  0.14/turn              (no ring)

@: confusing by touch
A: small, no large weapons, nightstalker 3
a: no special abilities


You were on level 5 of the Dungeon.
You visited 1 branch of the dungeon, and saw 5 of its levels.
You also visited: Sewer.

You collected 223 gold pieces.

Inventory:

Hand Weapons
 a - a +1 dagger
 g - a +2 short sword of holy wrath
 i - a +0 hunting sling
 n - a +2 dagger of freezing
 o - a +2 dagger of protection (weapon)
 p - a +1 vorpal hunting sling
Missiles
 f - 204 stones
 r - 4 poisoned darts
 F - 2 throwing nets
Armour
 b - a +0 robe (worn)
 c - a +0 cloak (worn)
Magical Staves
 G - a staff of poison
Jewellery
 h - an amulet of the acrobat (around neck)
 q - an amulet of guardian spirit
 C - a ring of fire
 E - an amulet of regeneration
Scrolls
 d - 4 scrolls of identify {unknown}
 e - 2 scrolls of teleportation {unknown}
 j - a scroll of noise {unknown}
 t - a scroll of fear {unknown}
 u - a scroll of enchant weapon {unknown}
 w - a scroll of magic mapping {unknown}
 y - a scroll of amnesia {unknown}
 D - a scroll of immolation {unknown}
 H - 2 scrolls of vulnerability {unknown}
Potions
 k - a potion of brilliance {unknown}
 l - 2 potions of curing {unknown}
 m - a potion of haste
 s - 2 potions of resistance {unknown}
 v - 2 potions of mutation {unknown}
 x - 3 potions of heal wounds {unknown}
 z - a potion of invisibility {unknown}
 A - 2 potions of magic {unknown}
 B - 2 potions of attraction {unknown}


   Skills:
 + Level 1.9 Fighting
 + Level 5.3 Short Blades
 * Level 4.4 Dodging
 - Level 8.4 Stealth
 - Level 5.0 Spellcasting
 * Level 5.3 Hexes
 - Level 2.4 Ice Magic


You had 8 spell levels left.
You knew the following spells:

 Your Spells              Type           Power      Damage    Failure   Level
a - Corona                Hex            24%        N/A       1%          1
b - Ensorcelled Hibernat  Hex/Ice        34%        N/A       4%          2
c - Confusing Touch       Hex            22%        N/A       4%          3
d - Tukima's Dance        Hex            22%        N/A       4%          3

Your spell library contained the following spells:

 Spells                   Type           Power      Damage    Failure   Level
 Dazzling Flash           Conj/Hex       26%        N/A       14%         3
 Conjure Flame            Conj/Fire      4%         6-21      38%         3
 Ignite Poison            Fire/Tmut/Pois 4%         N/A       38%         3
 Sticky Flame             Conj/Fire      4%         2d3       80%         4


Dungeon Overview and Level Annotations

Branches:
Dungeon (5/15)              Sewer (visited)
 Temple: D:4-7

Altars:
Hepliaklqana
Wu Jian

Annotations:
D:4 Grinder
D:5 Duvessa


Innate Abilities, Weirdness & Mutations

You are small and have problems with some larger weapons.
You are completely attuned to the shadows.


Message History

Found a stone staircase leading up.
You see here a +0 club.
A water moccasin comes into view.
The helpless water moccasin fails to defend itself.
You stick the water moccasin like a pincushion!!!
Your weapon exudes an aura of protection.
You kill the water moccasin!
Your Spellcasting skill increases to level 5!
You see here a water moccasin corpse.
You see here a water moccasin corpse.
Found 6 gold pieces.
You now have 223 gold pieces (gained 6).
Duvessa and Dowan come into view.
Duvessa is wielding a +0 short sword and wearing a +2 leather armour of willpower.
Dowan is wielding a +0 dagger and wearing a +2 robe of willpower.
A centaur comes into view.
Press: ? - help, v - describe, . - travel
Here: Duvessa, wielding a +0 short sword and wearing a +2 leather armour of willpower (asleep)
The floor.
Unknown command.
Unknown command.
The helpless Dowan fails to defend himself.
You skewer Dowan like a kebab!!!
Your weapon exudes an aura of protection.
You kill Dowan!
Duvessa screams in rage.
Duvessa goes berserk!
Duvessa hits you with a +0 short sword!
The centaur shouts!
Duvessa barely misses you. Duvessa hits you with a +0 short sword.
Duvessa hits you with a +0 short sword! Duvessa completely misses you.
Duvessa rages.
Duvessa hits you with a +0 short sword!
* * * LOW HITPOINT WARNING * * *
Casting: Confusing Touch (dangerous; 4% risk of failure)
Confirm with . or Enter, or press ? or * to list all spells.
Your hands begin to glow red.
Duvessa hits you with a +0 short sword.
* * * LOW HITPOINT WARNING * * *
You barely miss Duvessa. Duvessa hits you with a +0 short sword.
You die...

##################
#.................
#.################ #@#
#### #e#
....#######c##########
...)...........^.....##
....#######.########..#
.... #.# ##.## ....
##### ####..##### ....
#_'.# #..........
###.####.###..####


You could see Duvessa (berserk) and a centaur.

Vanquished Creatures
  Sigmund (D:2)
  A water moccasin (D:5)
  A black bear (D:5)
  A necrophage (D:5)
  An ogre (D:5)
  A centaur (D:5)
  2 kobold brigands (Sewer)
  2 water moccasin skeletons
  Dowan (D:5)
  2 hounds (D:4)
  A bullfrog skeleton (D:5)
  2 gnoll shamans (D:5)
  A hound skeleton (D:3)
  5 gnolls
  6 adders
  9 river rats (Sewer)
  A white imp (D:5)
  A worm (D:5)
  2 dart slugs
  4 orcs (D:3)
  10 ball pythons
  2 bats
  6 endoplasms
  4 giant cockroaches
  5 hobgoblins
  2 quokkas
  6 frilled lizards
  5 goblins
  21 kobolds
  A quokka skeleton (D:4)
  23 rats
  A spectral goblin (D:2)
131 creatures vanquished.

Vanquished Creatures (collateral kills)
  A gnoll (D:5)
1 creature vanquished.

Vanquished Creatures (others)
  16 plants (D:3)
16 creatures vanquished.

Grand Total: 148 creatures vanquished

Notes
Turn   | Place    | Note
-------+----------+-------------------------------------------
     0 | D:1      | calewdscratch the Kobold Enchanter began the quest for the
                  | Orb.
     0 | D:1      | Reached XP level 1. HP: 10/10 MP: 3/3
   590 | D:1      | Reached XP level 2. HP: 6/15 MP: 1/5
   874 | D:1      | Learned a level 2 spell: Ensorcelled Hibernation
  1196 | D:1      | Reached XP level 3. HP: 19/19 MP: 0/6
  2174 | D:2      | Noticed Sigmund
  2219 | D:2      | Killed Sigmund
  2220 | D:2      | Reached skill level 6 in Stealth
  2220 | D:2      | Reached skill level 1 in Ice Magic
  2220 | D:2      | Reached XP level 4. HP: 5/24 MP: 3/8
  2220 | D:2      | Reached XP level 5. HP: 6/28 MP: 3/9
  2220 | D:2      | Reached XP level 6. HP: 8/33 MP: 3/10
  2624 | D:2      | Learned a level 3 spell: Confusing Touch
  2916 | D:2      | Found a faded altar of an unknown god.
  3265 | D:3      | Found a glowing drain.
  3271 | Sewer    | Entered a sewer
  4492 | Sewer    | Reached XP level 7. HP: 30/37 MP: 2/12
  5093 | D:3      | Learned a level 3 spell: Tukima's Dance
  5529 | D:3      | Reached skill level 1 in Fighting
  5529 | D:3      | Reached skill level 7 in Stealth
  6260 | D:4      | Found an ornate altar of the Wu Jian Council.
  6709 | D:4      | Noticed Grinder
  6714 | D:4      | Paralysed by Grinder for 3 turns
  7350 | D:5      | Entered Level 5 of the Dungeon
  7352 | D:5      | Reached XP level 8. HP: 43/43 MP: 14/14
  7913 | D:5      | Reached skill level 8 in Stealth
  8169 | D:5      | Reached skill level 5 in Short Blades
  8655 | D:5      | Reached skill level 5 in Hexes
  8806 | D:5      | Found a hazy altar of Hepliaklqana.
  8892 | D:5      | Reached skill level 5 in Spellcasting
  9025 | D:5      | Noticed Duvessa
  9025 | D:5      | Noticed Dowan
  9029 | D:5      | Killed Dowan
  9040 | D:5      | Slain by Duvessa

Illustrated notes

Levels and vault maps discovered:
D:1:      heliophobic_arrival_glass_houses, layout_loops_ring, dk_noncrumbling_3
D:2:      layout_loops_ring, dreamdust_ecumenical_altar_drowned_temple,
          uniq_sigmund
D:3:      layout_rooms, portal_sewer_entry_b, serial_forest,
          infiniplex_forest_clump_tiny, infiniplex_forest_end_2,
          infiniplex_forest_end_1, infiniplex_forest_lined_3,
          infiniplex_forest_lined_room_, infiniplex_forest_lined_3,
          infiniplex_forest_clump_tiny, infiniplex_forest_straight_2,
          infiniplex_forest_straight_3, chequers_serial_rivers_small_b,
          serial_bayou_lagoon_a
D:4:      layout_basic, nzn_wu_jian_contemplation, guppyfry_early_orc_mine,
          uniq_grinder
D:5:      layout_basic, kennysheep_mini, minmay_temple_entry_offerings,
          uniq_duvessa

Skill      XL: |  1  2  3  4  5  6  7  8 |
---------------+-------------------------+-----
Short Blades   | 2 3 5 |  5.3
Stealth        | 6 7 8 |  8.4
Spellcasting   | 3 4 5 |  5.0
Ice Magic      | 1 2 |  2.4
Hexes          | 4 5 |  5.3
Dodging        | 3 4 |  4.4
Fighting       | 1 |  1.9

Action                   |  1- 3 |  4- 6 |  7- 9 || total
-------------------------+-------+-------+-------++-------
Melee: Dagger            |    43 |   134 |   208 ||   385
       Short sword       |    23 |    24 |       ||    47
 Cast: Corona            |    12 |    21 |     6 ||    39
       Ensorcelled Hiber |    19 |    46 |    41 ||   106
       Confusing Touch   |       |       |    12 ||    12
       Tukima's Dance    |       |       |     1 ||     1
  Use: Potion            |       |       |     1 ||     1
 Stab: Sleeping          |    15 |    31 |    28 ||    74
       Confused          |       |       |     8 ||     8
Armor: Robe              |     7 |    54 |    41 ||   102
Dodge: Dodged            |    35 |   203 |   204 ||   442
